AoeStats
← GordonFriman681

Nomad

509546452Analyzed
4v4 RM · 5d ago on Sep 27, 2026· 77m 30s· 8 players
Game mode
Random Map
Map size
231×231
Population
200
Speed
Normal
Resources
Standard
Victory
Conquest
Starting age
Dark Age
Ending age
Imperial Age
RankedLock teamsTeams togetherTeam positionsShared explorationLock speedFull tech treeHidden civsTurbo modeCheats
Victory
Defeat
🇦🇷 Turks · Argentina
709
+12
🇦🇷 Franks · Argentina
689
+13
🇦🇷 Khmer · Argentina
642
+15
🇦🇷 Romans · Argentina
627
+16
🇺🇸 Saxons · United States
673
-15
🇨🇦 Cumans · Canada
637
-26
🇨🇳 Huns · China
601
-13
🇨🇿 Teutons · Czechia
591
-13
ALT1221
4:10 Loom
14:57 Feudal Age
15:32 Double-Bit Axe
16:24 Wheelbarrow
16:18 Town Watch
19:56 Horse Collar
20:51 Stone Mining
26:04 Gold Mining
29:01 Castle Age
27:20 Forging
27:11 Scale Mail Armor
27:02 Fletching
30:28 Caravan
30:36 Squires
31:01 Heavy Plow
31:32 Pikeman
32:44 Bow Saw
34:17 Iron Casting
35:52 Hand Cart
41:07 Imperial Age
39:10 Chain Mail Armor
39:47 Gambesons
39:49 Arson
42:29 Conscription
41:35 Shield Wall
41:45 Shield Wall
43:26 Plate Mail Armor
42:52 Bodkin Arrow
43:04 Elite Varangian Guard
44:16 Town Patrol
45:23 Two-Man Saw
44:58 Crop Rotation
47:01 Shipwright
46:56 Bracer
49:39 Murder Holes
49:50 Siege Engineers
50:07 Ballistics
52:06 Halberdier
54:21 Gold Shaft Mining
55:25 Chemistry
54:11 Arrowslits
55:08 Elite Hearth Troop
55:14 Clerical Recruitment
55:41 Treadmill Crane
56:15 Careening
68:47 Onager
ThuNz QC
18:49 Feudal Age
20:36 Fishing Lines
21:22 Gold Mining
23:38 Man-at-Arms
26:04 Wheelbarrow
26:57 Arson
30:59 Double-Bit Axe
33:15 Scale Mail Armor
37:11 Stone Mining
42:08 Castle Age
40:01 Horse Collar
43:19 Heavy Plow
43:44 Chain Mail Armor
43:47 Forging
43:47 Squires
43:13 Long Swordsman
45:37 Bow Saw
48:02 Gillnets
48:35 Medium Warships
51:02 Clinker Construction
51:27 Careening
56:32 Gold Shaft Mining
59:56 Steppe Husbandry
63:16 Imperial Age
61:04 Hand Cart
61:44 Masonry
68:47 Stone Mining
70:29 Cavalier
70:30 Elite Steppe Lancer
70:35 Light Cavalry
71:28 Bloodlines
70:42 Elite Steppe Lancer
72:34 Hoardings
71:35 Sappers
72:48 Conscription
74:01 Chemistry
73:22 Paladin
73:25 Hussar
zibo4074
3:35 Loom
14:59 Feudal Age
18:12 Man-at-Arms
18:39 Arson
25:38 Castle Age
25:51 Scale Mail Armor
26:02 Forging
25:54 Padded Archer Armor
33:55 Horse Collar
38:54 Pikeman
40:23 Gold Mining
40:46 Fishing Lines
44:00 Squires
45:52 Stone Mining
48:49 Stone Shaft Mining
49:21 Wheelbarrow
51:40 Heavy Plow
51:31 Double-Bit Axe
52:34 Gillnets
53:10 Bow Saw
53:22 Hand Cart
52:53 Town Watch
53:28 Gambesons
55:29 Ballistics
55:00 Heated Shot
55:20 Masonry
60:38 Imperial Age
58:12 Town Patrol
60:33 Ironclad
63:23 Chain Mail Armor
63:44 Iron Casting
62:59 Fletching
63:25 Leather Archer Armor
63:16 Scale Barding Armor
64:25 Heavy Scorpion
RICH
17:14 Feudal Age
18:16 Horse Collar
18:24 Double-Bit Axe
20:41 Wheelbarrow
22:34 Stone Mining
22:34 Gold Mining
27:22 Castle Age
30:30 Hand Cart
30:30 Padded Archer Armor
30:20 Fletching
31:29 Caravan
33:35 Bow Saw
33:30 Heavy Plow
35:27 Bodkin Arrow
35:47 Leather Archer Armor
39:05 Imperial Age
39:12 Heavy Cavalry Archer
42:18 Atheism
42:24 Ballistics
44:24 Parthian Tactics
43:39 Elite Tarkan
45:02 Bracer
45:18 Bloodlines
45:08 Husbandry
45:32 Marauders
45:55 Conscription
48:00 Chemistry
47:11 Masonry
50:35 Forging
50:30 Scale Barding Armor
51:34 Cavalier
52:51 Chain Barding Armor
53:06 Iron Casting
53:04 Paladin
54:17 Light Cavalry
56:06 Hussar
PANXIDIESREY
8:27 Loom
19:36 Feudal Age
25:13 Castle Age
23:57 Double-Bit Axe
23:56 Horse Collar
28:37 Fletching
28:58 Forging
28:49 Padded Archer Armor
31:28 Heavy Plow
31:43 Bow Saw
33:44 Wheelbarrow
35:38 Stone Mining
35:40 Gold Mining
36:48 Hand Cart
36:53 Town Watch
37:55 Caravan
39:27 Gold Shaft Mining
41:49 Town Patrol
44:08 Iron Casting
47:12 Imperial Age
45:16 Ballistics
46:44 Bodkin Arrow
47:05 Leather Archer Armor
48:14 Scale Barding Armor
49:41 Blast Furnace
48:42 Bracer
49:12 Ring Archer Armor
48:42 Murder Holes
48:59 Masonry
49:05 Fortified Wall
48:43 Treadmill Crane
49:51 Artillery
50:12 Conscription
49:16 Elite Janissary
50:58 Thumb Ring
52:41 Chain Barding Armor
52:25 Husbandry
53:20 Architecture
54:37 Two-Man Saw
54:27 Plate Barding Armor
54:05 Bloodlines
55:03 Sipahi
55:38 Scale Mail Armor
56:55 Arrowslits
57:34 Bombard Tower
72:05 Chain Mail Armor
daedra09220
17:44 Feudal Age
19:56 Man-at-Arms
27:38 Arson
32:16 Castle Age
32:18 Double-Bit Axe
32:15 Horse Collar
33:17 Forging
36:06 Heavy Plow
36:19 Bow Saw
39:38 Iron Casting
45:59 Imperial Age
43:34 Gold Mining
45:09 Caravan
44:36 Long Swordsman
45:26 Scale Mail Armor
45:46 Stone Mining
48:01 Stone Shaft Mining
48:04 Gold Shaft Mining
48:35 Wheelbarrow
47:47 Loom
50:13 Hand Cart
49:45 Town Watch
50:49 Crop Rotation
53:10 Town Patrol
54:49 Conscription
53:53 Elite Ballista Elephant
54:59 Siege Engineers
55:08 Masonry
56:00 Chemistry
55:33 Double Crossbow
GordonFriman681
14:35 Loom
16:41 Feudal Age
19:32 Double-Bit Axe
23:10 Castle Age
25:08 Elite Skirmisher
26:12 Fletching
26:24 Padded Archer Armor
27:29 Town Watch
28:20 Wheelbarrow
35:05 Ballistics
35:09 Bow Saw
35:03 Bodkin Arrow
35:19 Forging
35:35 Ordonnance Companies
36:47 Scale Barding Armor
38:05 Hand Cart
38:44 Leather Archer Armor
40:08 Iron Casting
44:13 Imperial Age
44:48 Cranequins
45:07 Cavalier
47:14 Chemistry
48:06 Chivalry
48:28 Conscription
55:04 Chain Barding Armor
69:55 Heavy Mounted Crossbowman
76:59 Blast Furnace
MontGomery6911
16:57 Loom
19:48 Feudal Age
20:53 Horse Collar
21:08 Gold Mining
25:09 Stone Mining
28:05 Castle Age
31:45 Gold Shaft Mining
31:13 Heavy Plow
31:05 Double-Bit Axe
35:51 Caravan
39:43 Imperial Age
43:14 Crop Rotation
42:51 Elite Centurion
43:39 Ballistas
54:29 Light Cavalry
54:30 Cavalier
55:23 Bloodlines
55:13 Husbandry
65:35 Scale Barding Armor
65:41 Forging
66:44 Chemistry
66:55 Chemistry
66:33 Masonry
73:02 Chain Barding Armor
Connection lost

Rejoining the realm…

Still unreachable

The connection could not be restored.

Session expired

The server has moved on; the page needs a fresh start.